 Dungeon Crawl Stone Soup version 0.27-a0-1149-g4505690ab0 (webtiles) character file.

Game seed: 11156102224079252453

0 chippings the Grave Robber (level 1, 0/13 HPs)
             Began as a Mummy Necromancer on May 13, 2021.
             Slain by a ball python (3 damage)
             ... on level 1 of the Dungeon.
             The game lasted 00:00:42 (149 turns).

chippings the Grave Robber (Mummy Necromancer)       Turns: 149, Time: 00:00:43

Health: 0/13       AC:  2    Str: 11    XL:     1   Next: 8%
Magic:  1/4        EV:  9    Int: 20    God:
Gold:   0          SH:  0    Dex: 12    Spells: 4/5 levels left

rFire    x . .     SeeInvis .   (no weapon)
rCold    + . .     Faith    .   (no shield)
rNeg     + + +     Spirit   .   a - +0 robe
rPois    ∞         Reflect  .   (no helmet)
rElec    .         Harm     .   (no cloak)
rCorr    .         Rampage  .   (no gloves)
Will     .....                  (no boots)
Stlth    ++........             (no amulet)
HPRegen  0.04/turn              b - +6 ring of intelligence
MPRegen  0.09/turn              (no ring)

@: constricted
A: cold resistance 1, negative energy resistance 3, torment resistance 2, heat
vulnerability 1, no potions
a: no special abilities


You were on level 1 of the Dungeon.
You visited 1 branch of the dungeon, and saw 1 of its levels.

Inventory:

Armour
 a - a +0 robe (worn)
 c - a +0 ring mail
Jewellery
 b - a +6 ring of intelligence (left hand)


   Skills:
 - Level 1.5 Dodging
 - Level 1.5 Stealth
 + Level 2.7 Spellcasting
 + Level 4.0 Necromancy


You had 4 spell levels left.
You knew the following spells:

 Your Spells              Type           Power      Damage    Failure   Level
a - Pain                  Necr           72%        1d7       2%          1

Your spell library contained the following spells:

 Spells                   Type           Power      Damage    Failure   Level
 Animate Skeleton         Necr           36%        N/A       2%          1
 Vampiric Draining        Necr           9%         2d7       9%          3
 Animate Dead             Necr           9%         N/A       28%         4
 Confusing Touch          Hex            2%         N/A       41%         3
 Gell's Gravitas          Tloc           1%         N/A       41%         3
 Petrify                  Tmut/Erth      2%         N/A       82%         4
 Agony                    Necr           18%        N/A       61%         5
 Metabolic Englaciation   Hex/Ice        1%         N/A       99%         5
 Yara's Violent Unravell  Hex/Tmut       1%         3d3       99%         5


Dungeon Overview and Level Annotations

Branches:
Dungeon (1/15)

Altars:


Innate Abilities, Weirdness & Mutations

You are immune to poison.
Your flesh is cold resistant. (rC+)
You are immune to negative energy. (rN+++)
You are immune to unholy pain and torment.
You are vulnerable to heat. (rF-)
You do not drink.


Message History

The quokka misses you. The quokka completely misses you.
The endoplasm jiggles.
The quokka closely misses you. The quokka bites you.
Aiming: Pain (safe; 2% risk of failure)
Press: ? - help, Q - select action Shift-Dir - straight line, f/p - quokka
Aim: a quokka (chance to affect: 89%)
The quokka writhes in agony.
The quokka bites you.
Unknown command.
Aiming: Pain (safe; 2% risk of failure)
Press: ? - help, Q - select action Shift-Dir - straight line, f/p - quokka
Aim: a quokka (heavily wounded, chance to affect: 89%)
The quokka writhes in agony.
The quokka closely misses you. The quokka completely misses you.
Unknown command.
Aiming: Pain (safe; 2% risk of failure)
Press: ? - help, Q - select action Shift-Dir - straight line, f/p - quokka
Aim: a quokka (severely wounded, chance to affect: 89%)
The quokka barely resists.
The quokka twitches its whiskers.
The quokka bites you. 2 jackals come into view.
The jackal barks! x2
Really walk into that dispersal trap?
You enter a dispersal trap!
The jackal blinks! x3; The quokka blinks!
The endoplasm blinks!
The rat blinks!
You blink.
A frilled lizard comes into view.
The quokka enters a dispersal trap!
You blink.
The quokka blinks!
The frilled lizard moves out of view.
Found a stone staircase leading down.
The jackal bites you.
A ball python comes into view.
The ball python hisses angrily.
You hear an angry hiss.
The ball python bites you but does no damage.
The ball python grabs you.
* * * LOW HITPOINT WARNING * * *
The ball python constricts you. The ball python bites you.
You die...

#.###
##........
#...#
#...#..<..
#.#l#
#....J....
#.#.#
#..#......
#.#.#
#.###.....
#.#.# #.#
#..⌠..
###.#.###J#
#.....
#.hr..J.#.#
######
#@#####.#.# #S#
#.#§# ..# #r#.#
##.h #...#
#.#.###.#######
#......^..§....
###...#..######
#.r....#
......#.#


You could see an endoplasm, a quokka, 2 jackals and a ball python.

Vanquished Creatures
  A ball python (D:1)
1 creature vanquished.

Notes
Turn   | Place    | Note
-------+----------+-------------------------------------------
     0 | D:1      | chippings the Mummy Necromancer began the quest for the
                  | Orb.
     0 | D:1      | Reached XP level 1. HP: 13/13 MP: 4/4
   149 | D:1      | Slain by a ball python

Illustrated notes

Levels and vault maps discovered:
D:1:      dpeg_arrival_arbitrary_c, layout_loops_ring, minmay_octomino_c4

Action                   || total
-------------------------++-------
Melee: Unarmed           ||     4
 Cast: Pain              ||    11
Armor: Robe              ||     3
Dodge: Dodged            ||    10

Table legend: (Time is in decaauts)
 A = Elapsed time spent in this place.
 B = Non-inter-level travel time spent in this place.
 C = Inter-level travel time spent in this place.
 D = Time resting spent in this place.
 E = Time spent auto-exploring this place.
 F = Levels seen in this place.
 G = Mean time per level.
                   A        B        C        D        E       F      G
               +--------+--------+--------+--------+--------+-----+--------+
         Total |    148 |    148 |      0 |      0 |     36 |   1 |  148.0 |
       Dungeon |    148 |    148 |      0 |      0 |     36 |   1 |  148.0 |
               +--------+--------+--------+--------+--------+-----+--------+

Top non-repeatable levels by time:
     D:1: 148 daAuts
